 Dungeon Crawl Stone Soup version 0.17-a0-2127-g1cb09f6 (webtiles) character file.

65 Hedron the Insei (level 4, 0/23 HPs)
             Began as a Vine Stalker Monk on Oct 23, 2015.
             Slain by a goblin (2 damage)
             ... on level 2 of the Dungeon.
             The game lasted 00:03:28 (1520 turns).

Hedron the Insei (Vine Stalker Monk)                Turns: 1520, Time: 00:03:28

Health: 0/23       AC:  2    Str: 13    XL:     4   Next: 13%
Magic:  0/5        EV:  7    Int: 10    God:
Gold:   74         SH:  0    Dex: 18    Spells: 0 memorised, 3 levels left

rFire  . . .     SeeInvis .       - Unarmed
rCold  . . .     Clarity  .     a - +0 robe
rNeg   . . .     SustAt   .     (no shield)
rPois  .         Gourm    .     (no helmet)
rElec  .         Spirit   +     (no cloak)
rCorr  .         Warding  .     (no gloves)
rMut   .         Stasis   .     (no boots)
MR     .....                    (no amulet)
Stlth  ++........               (no ring)
                                (no ring)

@: held, not resistant to hostile enchantments, unstealthy
A: fangs 2, regeneration 1, magic shield, antimagic bite, no device heal 3, rot
immunity
a: no special abilities


You were on level 2 of the Dungeon.
You were not hungry.

You visited 1 branch of the dungeon, and saw 2 of its levels.

You collected 74 gold pieces.

Inventory:

Missiles
 e - 7 tomahawks (quivered)
 f - 23 poisoned needles
Armour
 a - a +0 robe (worn)
 g - a +0 shield
Wands
 n - a wand of digging (11)
Scrolls
 l - a scroll of identify {unknown}
 o - a scroll of noise {unknown}
Potions
 c - a potion of invisibility {unknown}
 d - 2 potions of ambrosia {unknown}
 h - a potion of agility {unknown}
 i - a potion of lignification {unknown}
 j - a potion of might {unknown}
 k - 2 potions of brilliance {unknown}
Comestibles
 b - a bread ration
 m - 7 chunks of flesh


   Skills:
 - Level 2.6 Fighting
 - Level 2.4 Dodging
 - Level 2.4 Stealth
 + Level 5.5 Unarmed Combat


You had 3 spell levels left.
You didn't know any spells.

Dungeon Overview and Level Annotations

Branches:
Dungeon (2/15)

Altars:
Trog


Innate Abilities, Weirdness & Mutations

You have extremely sharp teeth.
Your natural rate of healing is unusually fast.
When hurt, damage is shared between your health and your magic reserves.
Your bite disrupts and absorbs the magic of your enemies.
Potions and wands cannot restore your health.
You are immune to rotting.


Message History

There is an open door here.
The goblin shouts!
A gnoll comes into view. It is wielding a halberd.
The gnoll shouts!
Found 18 stones.
A hobgoblin comes into view.
You closely miss the goblin. The goblin hits you but does no damage.
The gnoll throws a throwing net.
The throwing net hits you.
You become entangled in the net!
The gnoll hits you from afar with a spear.
You try to slip out of the net.
The goblin hits you.
The gnoll hits you from afar with a spear.
You try to slip out of the net.
The goblin hits you. The gnoll closely misses you. The gnoll barely misses you.
You struggle against the net.
The goblin hits you.
You try to slip out of the net.
The gnoll barely misses you.
The gnoll hits you from afar with a halberd!
* * * LOW HITPOINT WARNING * * *
The goblin hits you.
You die...

...........+.........'.......#
#####...####.........###....##
........#.......## #.#.##
#..#.###)##.....## #.#.#
#..#.# ##...## #.... #..#.#
##'## ###.## #..#.# #.# .# #.#
#@# #.g..# #gg..#... (.#..##
.## .#.#.## .# .g . ## # # #


You could see 2 gnolls, a hobgoblin (wandering) and a goblin.

Vanquished Creatures
  2 gnolls (D:2)
  2 worms (D:2)
  2 giant geckos (D:1)
  2 giant cockroaches
  3 goblins
  6 hobgoblins (D:1)
  A quokka (D:2)
  3 bats
  A giant newt (D:1)
  6 jackals (D:1)
  6 kobolds
  3 rats
37 creatures vanquished.

Notes
Turn   | Place    | Note
--------------------------------------------------------------
     0 | D:1      | Hedron the Vine Stalker Monk began the quest for the Orb.
     0 | D:1      | Reached XP level 1. HP: 11/11 MP: 2/2
   221 | D:1      | Reached XP level 2. HP: 16/16 MP: 3/3
   411 | D:1      | Reached XP level 3. HP: 19/19 MP: 4/4
   942 | D:2      | Reached skill level 5 in Unarmed Combat
  1019 | D:2      | Found a bloodstained altar of Trog.
  1495 | D:2      | Reached XP level 4. HP: 23/23 MP: 5/5
  1520 | D:2      | Slain by a goblin

Vault maps used:
D:1:      onia_arrival_mini_spirals
D:2:      bloody_trog, minmay_misc_feat_plants

Action                   |  1- 3 |  4- 6 || total
-------------------------+-------+-------++-------
Melee: Unarmed           |    99 |     1 ||   100
 Stab: Sleeping          |     3 |       ||     3
  Eat: Chunk             |     2 |       ||     2
